 Dungeon Crawl Stone Soup version 0.18.1-5-g4a78601 (webtiles) character file.

29 dracos369 the Conjurer (level 3, -1/16 HPs)
             Began as a Vine Stalker Conjurer on May 13, 2016.
             Slain by a hobgoblin (4 damage)
             ... on level 1 of the Dungeon.
             The game lasted 00:02:29 (556 turns).

dracos369 the Conjurer (Vine Stalker Conjurer)       Turns: 556, Time: 00:02:29

Health: -1/16      AC:  2    Str: 10    XL:     3   Next: 16%
Magic:  0/8        EV: 12    Int: 15    God:
Gold:   41         SH:  0    Dex: 15    Spells: 1 memorised, 6 levels left

rFire  . . .     SeeInvis .     e - +0 whip
rCold  . . .     Gourm    .     a - +0 robe
rNeg   . . .     Faith    .     (no shield)
rPois  .         Spirit   +     (no helmet)
rElec  .         Dismiss  .     (no cloak)
rCorr  .         Reflect  .     (no gloves)
SustAt .         Harm     .     (no boots)
MR     .....                    (no amulet)
Stlth  ++........               (no ring)
                                (no ring)

@: not resistant to hostile enchantments, unstealthy
A: fangs 2, regeneration 1, magic shield, antimagic bite, no device heal 3, rot
immunity
a: no special abilities


You were on level 1 of the Dungeon.
You were not hungry.

You visited 1 branch of the dungeon, and saw 1 of its levels.

You collected 41 gold pieces.

Inventory:

Hand Weapons
 e - a +0 whip (weapon)
Armour
 a - a +0 robe (worn)
Scrolls
 d - 2 scrolls of identify {unknown}
 i - a scroll of recharging {unknown}
Potions
 h - a potion of experience {unknown}
Books
 b - a book of Conjurations

   Spells                             Type                      Level
   a - Magic Dart                     Conjuration                  1
   b - Searing Ray                    Conjuration                  2
   c - Dazzling Spray                 Conjuration/Hexes            3
   d - Fulminant Prism                Conjuration/Hexes            4
   e - Iskenderun's Mystic Blast      Conjuration                  4
   f - Iskenderun's Battlesphere      Conjuration/Charms           5
Comestibles
 c - a bread ration
 f - a meat ration
 g - 2 chunks of flesh
 j - a beef jerky


   Skills:
 - Level 1.5 Dodging
 - Level 2.5 Stealth
 + Level 2.9 Spellcasting
 + Level 4.4 Conjurations


You had 6 spell levels left.
You knew the following spells:

 Your Spells              Type           Power        Failure   Level  Hunger
a - Magic Dart            Conj           ###.         3%          1    #......


Dungeon Overview and Level Annotations

Branches:
Dungeon (1/15)

Altars:
Nemelex Xobeh


Innate Abilities, Weirdness & Mutations

You have extremely sharp teeth.
Your natural rate of healing is unusually fast.
When hurt, damage is shared between your health and your magic reserves.
Your bite disrupts and absorbs the magic of your enemies.
Potions and wands cannot restore your health.
You are immune to rotting.


Message History

Casting: Magic Dart
Confirm with . or Enter, or press ? or * to list all spells.
Aiming: Magic Dart
Press: ? - help, Shift-Dir - straight line, f/p - giant cockroach
Aim: a giant cockroach (moderately wounded, clinging)
The magic dart hits the giant cockroach.
You kill the giant cockroach!
The bat hits you but does no damage.
You closely miss the bat. The bat closely misses you.
You hit the bat.
You kill the bat!
The hobgoblin hits you.
* * * LOW HITPOINT WARNING * * *
You are too injured to fight recklessly!
You are too injured to fight recklessly!
You hit the hobgoblin but do no damage.
You bite the hobgoblin, but do no damage.
The hobgoblin closely misses you.
You barely miss the hobgoblin. The hobgoblin hits you.
You die...

##..........÷.#
#..#
########......#
###..#
.≈.≈≈.<#......#
##....#
..P.≈≈.#......#
###..#.##
P≈.≈≈..#.....##
##...##.#
....≈..#.......#
#..####.#
≈.≈.≈≈.#######..
#.## #.#
......## #.###
###.# #.#
.......#
#.@[####...# #.#
.≈.....#
###g##...### .#
P.≈≈.≈##
#K....## ..≈.≈##
#..÷..# ..P..#
#.....# .....#
#.....# ..≈..#
#)....# ....##
......# ....#
.......#


You could see a hobgoblin and a kobold.

Vanquished Creatures
  A dart slug (D:1)
  A giant gecko (D:1)
  3 bats (D:1)
  A giant cockroach (D:1)
  4 goblins (D:1)
  4 hobgoblins (D:1)
  A giant newt (D:1)
  6 kobolds (D:1)
  3 rats (D:1)
24 creatures vanquished.

Notes
Turn   | Place    | Note
--------------------------------------------------------------
     0 | D:1      | dracos369 the Vine Stalker Conjurer began the quest for the Orb.
     0 | D:1      | Reached XP level 1. HP: 9/9 MP: 4/4
   270 | D:1      | Reached XP level 2. HP: 13/13 MP: 3/6
   485 | D:1      | Found a sparkling altar of Nemelex Xobeh.
   533 | D:1      | Reached XP level 3. HP: 13/16 MP: 6/8
   556 | D:1      | Slain by a hobgoblin

Action                   || total
-------------------------++-------
Melee: Whip              ||    47
       Bite              ||     8
 Cast: Magic Dart        ||    21
 Stab: Sleeping          ||     1
Armor: Robe              ||    15
Dodge: Dodged            ||    32
